 Dungeon Crawl Stone Soup version 0.30.0-19-g36f170ea60 (webtiles) character file.

Game seed: 6002026173292753098

697 jagang the Magician (level 7, 0/36 HPs)
             Began as a Deep Elf Earth Elementalist on June 1, 2023.
             Was an Initiate of the Shining One.
             Slain by a white imp (3 damage)
             ... on level 5 of the Dungeon.
             The game lasted 00:14:37 (5842 turns).

jagang the Magician (Deep Elf Earth Elementalist)   Turns: 5842, Time: 00:14:40

Health: 0/36       AC:  2    Str:  5    XL:     7   Next: 38%
Magic:  5/18       EV: 13    Int: 22    God:    the Shining One [......]
Gold:   230        SH:  0    Dex: 15    Spells: 13/19 levels left

rFire   . . .        i - staff of air
rCold   . . .        (no shield)
rNeg    . . .        a - +0 robe
rPois   .            (no helmet)
rElec   +            (no cloak)
rCorr   .            (no gloves)
SInv    .            (no boots)
Will    .....        (no amulet)
Stlth   +            (no ring)
HPRegen 0.26/turn    (no ring)
MPRegen 0.16/turn

%: no passive effects
@: glowing
A: no striking features
a: Renounce Religion


You were on level 5 of the Dungeon.
You worshipped the Shining One.
The Shining One was noncommittal.
You visited 2 branches of the dungeon, and saw 6 of its levels.

You collected 230 gold pieces.

Inventory:

Armour
 a - a +0 robe (worn)
Magical Staves
 i - a staff of air (weapon)
Jewellery
 n - a ring of resist corrosion
 p - a ring of magical power
Wands
 o - a wand of paralysis (12)
 q - a wand of acid (10)
Scrolls
 c - a scroll of fog {unknown}
 e - 6 scrolls of teleportation
 f - a scroll of enchant armour {unknown}
 g - a scroll of fear
 h - 3 scrolls of torment
 l - a scroll of silence
 m - a scroll of blinking
 r - 2 scrolls of noise {unknown}
 s - a scroll of identify
 t - a scroll of vulnerability {unknown}
Potions
 b - 2 potions of magic
 d - 2 potions of curing
 j - 3 potions of flight
 k - a potion of brilliance
 u - a potion of haste {unknown}


   Skills:
 + Level 1.9 Staves
 + Level 4.3 Dodging
 - Level 2.4 Stealth
 * Level 6.5 Spellcasting
 - Level 3.4 Transmutations
 * Level 5.2 Earth Magic
 + Level 2.7 Evocations


You had 13 spell levels left.
You knew the following spells:

 Your Spells              Type           Power      Damage    Failure   Level
a - Sandblast             Erth           60%        2d14      1%          1
b - Stone Arrow           Conj/Erth      36%        3d9       9%          3
c - Searing Ray           Conj           14%        2d5       13%         2

Your spell library contained the following spells:

 Spells                   Type           Power      Damage    Failure   Level
 Passwall                 Tmut/Erth      21%        N/A       2%          2
 Wereblood                Tmut           22%        N/A       3%          2
 Magic Dart               Conj           28%        1d4       9%          1
 Lesser Beckoning         Tloc           14%        N/A       13%         2
 Scorch                   Fire           14%        2d6       13%         2
 Sublimation of Blood     Necr           7%         N/A       13%         2
 Petrify                  Tmut/Erth      26%        N/A       14%         4
 Gell's Gravitas          Tloc           7%         N/A       26%         3
 Teleport Other           Tloc           7%         N/A       26%         3
 Flame Wave               Conj/Fire      7%         2d5       65%         4
 Fulminant Prism          Conj/Hex       3%         3d5       65%         4
 Summon Cactus Giant      Summ           3%         N/A       100%        6
 Summon Hydra             Summ           3%         N/A       100%        7


Dungeon Overview and Level Annotations

Branches:
Dungeon (5/15)             Temple (1/1) D:4

Altars:
Ashenzari
Cheibriados
Dithmenos
Elyvilon
Fedhas
Gozag
Hepliaklqana
Kikubaaqudgha
Makhleb
Nemelex Xobeh
Okawaru
Qazlal
Sif Muna
Trog
Uskayaw
Wu Jian
Xom
Yredelemnul
Zin
The Shining One

Annotations:
D:5 Dowan, Duvessa


Message History

Duvessa is severely wounded.
Duvessa completely misses you.
Dowan says, "There's a certain beauty in death, don't you think?"
Dowan gestures wildly while chanting.
Dowan blinks!
Casting: Sandblast (safe; 1% risk of failure)
Confirm with . or Enter, or press ? or * to list all spells.
Aiming: Sandblast (safe; 1% risk of failure)
Press: ? - help, Shift-Dir - straight line, f/p - Duvessa
Aim: Duvessa, wielding a +0 short sword and wearing a +3 scale mail of willpower (severely wounded, 88% to hit)
The blast of sand hits Duvessa but does no damage.
Duvessa is severely wounded.
Duvessa misses you. The white imp misses you.
Duvessa hits you with a +0 short sword. The white imp gestures at you.
The puff of frost hits you.
Casting: Sandblast (safe; 1% risk of failure)
Confirm with . or Enter, or press ? or * to list all spells.
Aiming: Sandblast (safe; 1% risk of failure)
Press: ? - help, Shift-Dir - straight line, f/p - Duvessa
Aim: Duvessa, wielding a +0 short sword and wearing a +3 scale mail of willpower (severely wounded, 88% to hit)
The blast of sand hits Duvessa but does no damage.
Duvessa is severely wounded.
The white imp hits you. The white imp freezes you.
Duvessa hits you with a +0 short sword.
* * * LOW HITPOINT WARNING * * *
Casting: Sandblast (safe; 1% risk of failure)
Confirm with . or Enter, or press ? or * to list all spells.
Aiming: Sandblast (safe; 1% risk of failure)
Press: ? - help, Shift-Dir - straight line, f/p - Duvessa
Aim: Duvessa, wielding a +0 short sword and wearing a +3 scale mail of willpower (severely wounded, 88% to hit)
The blast of sand hits Duvessa but does no damage.
Duvessa is severely wounded.
Duvessa says, "Where magic fails, the sword succeeds!"
Duvessa hits you with a +0 short sword.
* * * LOW HITPOINT WARNING * * *
The white imp hits you.
* * * LOW HITPOINT WARNING * * *
The white imp freezes you.
You die...

.... ..##. ##.....#.
......
..#...##....##.
......
......####.....
......
.#.....#....... .....
.#....)#.......
...##. #..#..†.....#
#..###..###...#..#
#...#....##.......
####@..#.....##......
#..5ee..#.##.........
#...o..#####....#.##.
#..#.#...# ##..#####.
....####.## #### ##
.... ### ... ..#


You could see Duvessa, Dowan, a white imp and an orc.

Vanquished Creatures
  An ogre (D:4)
  A phantom (D:4)
  A scorpion (D:5)
  4 hounds
  2 iguanas
  Terence (D:3)
  4 orc wizards
  3 gnolls (D:3)
  3 adders
  An ufetubus (D:5)
  A worm (D:5)
  4 dart slugs
  16 orcs
  9 ball pythons
  9 endoplasms
  A giant cockroach (D:4)
  3 goblins
  6 hobgoblins
  5 jackals
  7 quokkas
  6 bats
  2 frilled lizards
  6 kobolds
  7 rats
103 creatures vanquished.

Notes
Turn   | Place    | Note
-------+----------+-------------------------------------------
     0 | D:1      | jagang the Deep Elf Earth Elementalist began the quest for
                  | the Orb.
     0 | D:1      | Reached XP level 1. HP: 10/10 MP: 6/6
   234 | D:1      | Reached XP level 2. HP: 15/15 MP: 6/8
  1182 | D:2      | Reached XP level 3. HP: 19/19 MP: 8/10
  1465 | D:2      | Found a hide-covered altar of Uskayaw.
  2448 | D:3      | Reached skill level 4 in Spellcasting
  2463 | D:3      | Reached XP level 4. HP: 17/24 MP: 7/12
  2661 | D:3      | Noticed Terence
  2664 | D:3      | Killed Terence
  2665 | D:3      | Reached skill level 1 in Evocations
  2669 | D:3      | Learned a level 3 spell: Stone Arrow
  3005 | D:3      | Reached XP level 5. HP: 12/28 MP: 8/14
  3110 | D:3      | Learned a level 2 spell: Searing Ray
  3120 | D:3      | Reached skill level 5 in Spellcasting
  3257 | D:3      | Found a faded altar of an unknown god.
  3621 | D:4      | HP: 1/28 [something/puff of flame (5)]
  3752 | D:4      | Noticed an ogre
  3756 | D:4      | Killed an ogre
  3757 | D:4      | Reached skill level 1 in Staves
  3757 | D:4      | Reached XP level 6. HP: 32/32 MP: 10/16
  3998 | D:4      | Reached skill level 6 in Spellcasting
  4214 | D:4      | Found a staircase to the Ecumenical Temple.
  4397 | Temple   | Entered the Ecumenical Temple
  4848 | Temple   | Became a worshipper of the Shining One
  5373 | D:5      | Entered Level 5 of the Dungeon
  5388 | D:5      | The Shining One protects you from harm!
  5501 | D:5      | Found a shimmering blue altar of Sif Muna.
  5505 | D:5      | Reached XP level 7. HP: 28/36 MP: 14/18
  5628 | D:5      | Reached skill level 5 in Earth Magic
  5833 | D:5      | Noticed Duvessa
  5834 | D:5      | Noticed Dowan
  5842 | D:5      | Slain by a white imp

Illustrated notes

Levels and vault maps discovered:
D:1:      heliophobic_arrival_glass_houses, layout_loops_ring, st_stairs_12,
          roderic_roman_lattice
D:2:      layout_loops_corners, serial_forest, infiniplex_forest_end_1,
          infiniplex_forest_3_way, infiniplex_forest_end_2,
          infiniplex_forest_clump_C, infiniplex_forest_clump_small,
          infiniplex_forest_clump_tiny, infiniplex_forest_join,
          infiniplex_forest_end_3, basic_altar
D:3:      minmay_diamond_boxcup, layout_basic,
          shapermc_ecumenical_altar_totnotflames, uniq_terence
D:4:      layout_basic, minmay_temple_entry_overgrown
D:5:      layout_cave_pools, mainiacjoe_overflow_alcove_1,
          gammafunk_ghost_necromancy, chequers_serial_rivers_large_a, uniq_ijyb,
          uniq_crazy_yiuf_cottage, uniq_duvessa
Temple:   compressed_dpeg_triangle_lava_temple

Skill      XL: |  1  2  3  4  5  6  7 |
---------------+----------------------+-----
Spellcasting   | 4 5 6 |  6.5
Dodging        | 3 4 |  4.3
Earth Magic    | 4 5 |  5.2
Transmutations | 2 3 |  3.4
Evocations     | 1 2 |  2.7
Staves         | 1 |  1.9
Stealth        | |  2.4

Action                     |  1- 3 |  4- 6 |  7- 9 || total
---------------------------+-------+-------+-------++-------
  Melee: Unarmed           |     1 |       |       ||     1
         Staff             |   319 |     4 |       ||   323
         Punch             |     9 |       |       ||     9
   Cast: Sandblast         |    47 |    74 |    27 ||   148
         Searing Ray       |       |     2 |       ||     2
         Stone Arrow       |       |     1 |     3 ||     4
    Use: Scroll            |       |     7 |       ||     7
         Potion            |       |     1 |       ||     1
 Armour: Robe              |     3 |     4 |     3 ||    10
  Dodge: Dodged            |    13 |    28 |    13 ||    54
